[Event "27th GER-ch Rapid Women 2019"]
[Site "Neumarkt in der Oberpfalz"]
[Date "2019.09.21"]
[Round "1.2"]
[White "Schumann, Rabea"]
[Black "Schmidt, Jessica"]
[Result "0-1"]
[ECO "A12"]
[WhiteElo "1922"]
[BlackElo "2239"]
[Annotator "NA"]
[PlyCount "33"]
[EventDate "2019.09.21"]
[EventType "swiss"]
[EventCountry "GER"]
[SourceTitle "playchess.com"]
[Source "ChessBase"]
[SourceQuality "1"]
[TimeControl "900+10"]

1. c4 c6 2. Nf3 Nf6 3. g3 d5 4. Bg2 Bf5 5. b3 e6 6. O-O Be7 7. Bb2 Nbd7 8. d3 h6 9. Nbd2 O-O 10. Re1 Bh7 11. a3 a5 12. Qc2 Rc8 13. Rad1 b5 14. e4 Nc5 15. Ne5 Qc7 16. f3 Rfd8 17. d4 0-1

[Event "27th GER-ch Rapid Women 2019"]
[Site "Neumarkt in der Oberpfalz"]
[Date "2019.09.21"]
[Round "2.1"]
[White "Schmidt, Jessica"]
[Black "Stangl, Anita"]
[Result "1-0"]
[ECO "D35"]
[WhiteElo "2239"]
[BlackElo "2011"]
[Annotator "NA"]
[PlyCount "55"]
[EventDate "2019.09.21"]
[EventType "swiss"]
[EventCountry "GER"]
[SourceTitle "playchess.com"]
[Source "ChessBase"]
[SourceQuality "1"]
[TimeControl "900+10"]

1. d4 e6 2. c4 d5 3. Nf3 c6 4. cxd5 exd5 5. Nc3 Nf6 6. Bg5 Be7 7. e3 O-O 8. Bd3 Bg4 9. h3 Bh5 10. Qc2 Bg6 11. Bxg6 hxg6 12. O-O Nbd7 13. a3 a5 14. Rfe1 Re8 15. Rad1 Ne4 16. Nxe4 dxe4 17. Bxe7 Qxe7 18. Nd2 Qh4 19. Nc4 Re6 20. Re2 b5 21. Nd2 g5 22. f3 exf3 23. Nxf3 Qg3 24. Qf5 Rae8 25. Rde1 f6 26. e4 Nf8 27. e5 g6 28. Qc2 1-0

[Event "27th GER-ch Rapid Women 2019"]
[Site "Neumarkt in der Oberpfalz"]
[Date "2019.09.21"]
[Round "2.2"]
[White "Brandt, Carina"]
[Black "Roessler, Ulrike"]
[Result "0-1"]
[ECO "B08"]
[WhiteElo "2060"]
[BlackElo "2102"]
[Annotator "NA"]
[PlyCount "25"]
[EventDate "2019.09.21"]
[EventType "swiss"]
[EventCountry "GER"]
[SourceTitle "playchess.com"]
[Source "ChessBase"]
[SourceQuality "1"]
[TimeControl "900+10"]

1. e4 d6 2. d4 Nf6 3. Nc3 g6 4. Nf3 Bg7 5. h3 O-O 6. Be3 c6 7. Qd2 b5 8. Bd3 Nbd7 9. e5 b4 10. exf6 bxc3 11. Qxc3 Nxf6 12. Qxc6 Rb8 13. O-O-O 0-1

[Event "27th GER-ch Rapid Women 2019"]
[Site "Neumarkt in der Oberpfalz"]
[Date "2019.09.21"]
[Round "2.3"]
[White "Schilay, Eva"]
[Black "Freter, Anke"]
[Result "0-1"]
[ECO "B07"]
[WhiteElo "1648"]
[BlackElo "1828"]
[Annotator "NA"]
[PlyCount "58"]
[EventDate "2019.09.21"]
[EventType "swiss"]
[EventCountry "GER"]
[SourceTitle "playchess.com"]
[Source "ChessBase"]
[SourceQuality "1"]
[TimeControl "900+10"]

1. Nc3 Nf6 2. e4 d6 3. d4 g6 4. Bc4 Bg7 5. Be3 Ng4 6. Qf3 O-O 7. h4 h5 8. Nh3 Nxe3 9. fxe3 Bg4 10. Qf2 e6 11. Ng5 Qf6 12. O-O Qxf2+ 13. Rxf2 Nd7 14. Raf1 Nb6 15. Bb3 Bh6 16. Rxf7 Rxf7 17. Nxf7 Bxe3+ 18. Kh1 Rf8 19. Re1 Bf2 20. Nh6+ Kg7 21. Rf1 Kxh6 22. e5 d5 23. g3 Bf3+ 24. Kh2 Bxd4 25. Ne2 c5 26. c3 Be3 27. Ng1 Bxg1+ 28. Kxg1 Rf5 29. Bc2 Be4 0-1

[Event "27th GER-ch Rapid Women 2019"]
[Site "Neumarkt in der Oberpfalz"]
[Date "2019.09.21"]
[Round "3.1"]
[White "Muetsch, Annmarie"]
[Black "Schmidt, Jessica"]
[Result "0-1"]
[ECO "B01"]
[WhiteElo "2250"]
[BlackElo "2239"]
[Annotator "NA"]
[PlyCount "25"]
[EventDate "2019.09.21"]
[EventType "swiss"]
[EventCountry "GER"]
[SourceTitle "playchess.com"]
[Source "ChessBase"]
[SourceQuality "1"]
[TimeControl "900+10"]

1. e4 d5 2. exd5 Qxd5 3. Nc3 Qa5 4. Bc4 Nf6 5. d3 e6 6. Nf3 c6 7. O-O Be7 8. Qe2 O-O 9. h3 b5 10. Bb3 Qb6 11. a4 a6 12. Be3 Qb7 13. Ne4 0-1

[Event "27th GER-ch Rapid Women 2019"]
[Site "Neumarkt in der Oberpfalz"]
[Date "2019.09.21"]
[Round "3.3"]
[White "Schumann, Rabea"]
[Black "Schilay, Eva"]
[Result "1/2-1/2"]
[ECO "A25"]
[WhiteElo "1922"]
[BlackElo "1648"]
[Annotator "NA"]
[PlyCount "94"]
[EventDate "2019.09.21"]
[EventType "swiss"]
[EventCountry "GER"]
[SourceTitle "playchess.com"]
[Source "ChessBase"]
[SourceQuality "1"]
[TimeControl "900+10"]

1. c4 e5 2. g3 Nc6 3. Bg2 g6 4. Nc3 Bg7 5. e3 d6 6. Nge2 Be6 7. d3 f5 8. O-O Nf6 9. Rb1 O-O 10. b4 Qd7 11. b5 Ne7 12. Bxb7 Rab8 13. Bg2 d5 14. cxd5 Nexd5 15. Bb2 Qf7 16. a4 Ne8 17. Nxd5 Bxd5 18. Ba3 Bxg2 19. Kxg2 Nd6 20. Qb3 Rfd8 21. Rfc1 Rd7 22. Bxd6 cxd6 23. Qxf7+ Kxf7 24. Rc6 Rb6 25. Rbc1 Rxc6 26. Rxc6 d5 27. a5 Ke8 28. Nc3 d4 29. Rc8+ Ke7 30. exd4 Rxd4 31. Rc7+ Rd7 32. Rxd7+ Kxd7 33. Na4 Kc7 34. Kf3 Bf8 35. Ke3 Bb4 36. b6+ axb6 37. axb6+ Kc6 38. d4 Bd6 39. dxe5 Bxe5 40. f4 Bb8 41. Kd4 Kb5 42. Nc3+ Kxb6 43. Nd5+ Kc6 44. Nf6 Ba7+ 45. Kc4 Bg1 46. h3 Bh2 47. g4 h6 1/2-1/2

[Event "27th GER-ch Rapid Women 2019"]
[Site "Neumarkt in der Oberpfalz"]
[Date "2019.09.21"]
[Round "4.3"]
[White "Germann, Heike"]
[Black "Muetsch, Annmarie"]
[Result "0-1"]
[ECO "E94"]
[WhiteElo "2079"]
[BlackElo "2250"]
[Annotator "NA"]
[PlyCount "94"]
[EventDate "2019.09.21"]
[EventType "swiss"]
[EventCountry "GER"]
[SourceTitle "playchess.com"]
[Source "ChessBase"]
[SourceQuality "1"]
[TimeControl "900+10"]

1. d4 Nf6 2. c4 g6 3. Nc3 Bg7 4. e4 d6 5. Nf3 O-O 6. Be2 Na6 7. O-O e5 8. d5 Nc5 9. Qc2 a5 10. Ne1 Ne8 11. Nd3 b6 12. Bd2 f5 13. f3 Nf6 14. Nxc5 bxc5 15. a3 Bd7 16. b3 f4 17. Rfb1 g5 18. Ra2 g4 19. b4 axb4 20. axb4 cxb4 21. Rxb4 Qe8 22. Be1 Qg6 23. Rb7 gxf3 24. Bxf3 Bg4 25. Kh1 Qh5 26. Qe2 Rxa2 27. Nxa2 Ra8 28. Nc3 Ra1 29. Rb1 Ra3 30. Kg1 Bf8 31. Bxg4 Qxg4 32. Qf2 Qh5 33. h3 Qg6 34. Qe2 Nh5 35. Rc1 Kf7 36. Qb2 f3 37. Qf2 Qxg2+ 38. Qxg2 fxg2 39. Kxg2 Nf4+ 40. Kh2 Nd3 41. Rc2 Nxe1 42. Rf2+ Kg8 43. Nb5 Ra4 44. Nxc7 Rxc4 45. Ne6 Rc2 46. Kg3 Rxf2 47. Kxf2 Nc2 0-1

[Event "27th GER-ch Rapid Women 2019"]
[Site "Neumarkt in der Oberpfalz"]
[Date "2019.09.22"]
[Round "6.2"]
[White "Siegl, Melina"]
[Black "Anita Bharathi A S E"]
[Result "0-1"]
[ECO "C00"]
[WhiteElo "2018"]
[BlackElo "1263"]
[Annotator "NA RC"]
[PlyCount "39"]
[EventDate "2019.09.21"]
[EventType "swiss"]
[EventCountry "GER"]
[SourceTitle "playchess.com"]
[Source "ChessBase"]
[SourceQuality "1"]
[TimeControl "900+10"]

1. e4 e6 2. d3 d5 3. Nd2 b6 4. g3 Bb7 5. Bg2 Nf6 6. Qe2 d4 7. Ngf3 c5 8. e5 Nfd7 9. Ne4 Nc6 10. Bf4 h6 11. h4 Nb4 12. a3 Nd5 13. Bd2 Qc7 14. c4 dxc3 15. Nxc3 Be7 16. O-O Nxc3 17. bxc3 O-O-O 18. c4 Rdg8 19. d4 cxd4 20. Nxd4 0-1

[Event "27th GER-ch Rapid Women 2019"]
[Site "Neumarkt in der Oberpfalz"]
[Date "2019.09.22"]
[Round "6.3"]
[White "Weimert, Miriam"]
[Black "Schilay, Eva"]
[Result "1-0"]
[ECO "A05"]
[WhiteElo "1862"]
[BlackElo "1648"]
[Annotator "NA RC"]
[PlyCount "79"]
[EventDate "2019.09.21"]
[EventType "swiss"]
[EventCountry "GER"]
[SourceTitle "playchess.com"]
[Source "ChessBase"]
[SourceQuality "1"]
[TimeControl "900+10"]

1. Nf3 Nf6 2. b3 g6 3. Bb2 Bg7 4. c4 d5 5. cxd5 Qxd5 6. Nc3 Qd8 7. e3 b6 8. Be2 O-O 9. O-O c5 10. d4 cxd4 11. Nxd4 Bb7 12. Bf3 Bxf3 13. Qxf3 Nbd7 14. Nc6 Qe8 15. Nb5 Nc5 16. Nbxa7 Qd7 17. Rfd1 Qb7 18. Nb5 Rfc8 19. Ne5 Qa6 20. Nd4 Rc7 21. Ne2 Rac8 22. Nf4 Nfe4 23. Nd5 Bxe5 24. Bxe5 Rd7 25. b4 Ng5 26. Qg4 Nce6 27. h4 Rcd8 28. Nxe7+ Rxe7 29. hxg5 Rc8 30. Rac1 Ra8 31. Rc2 Qb5 32. Bf6 Rea7 33. Rdc1 Qd7 34. Qc4 Rb7 35. Qe2 Rba7 36. Rd1 Qb7 37. Rcd2 Qc7 38. Rd7 Qc6 39. R1d6 Qb5 40. Qxb5 1-0

[Event "27th GER-ch Rapid Women 2019"]
[Site "Neumarkt in der Oberpfalz"]
[Date "2019.09.22"]
[Round "7.3"]
[White "Schilay, Eva"]
[Black "Mader, Lena"]
[Result "0-1"]
[ECO "B13"]
[WhiteElo "1648"]
[BlackElo "1808"]
[Annotator "NA RC"]
[PlyCount "46"]
[EventDate "2019.09.21"]
[EventType "swiss"]
[EventCountry "GER"]
[SourceTitle "playchess.com"]
[Source "ChessBase"]
[SourceQuality "1"]
[TimeControl "900+10"]

1. e4 c6 2. d4 d5 3. exd5 cxd5 4. Be3 Nc6 5. c3 Nf6 6. h3 Qb6 7. Qc2 g6 8. Bd3 Bg7 9. Nf3 O-O 10. O-O Qc7 11. Nbd2 Nh5 12. Rae1 Nf4 13. Bxf4 Qxf4 14. Re2 a6 15. Rfe1 b5 16. Nb3 Bxh3 17. Ne5 Nxe5 18. dxe5 Be6 19. Nd4 Rac8 20. Re3 h5 21. Rg3 Bg4 22. e6 Bxd4 23. exf7+ Rxf7 0-1

[Event "27th GER-ch Rapid Women 2019"]
[Site "Neumarkt in der Oberpfalz"]
[Date "2019.09.22"]
[Round "8.1"]
[White "Siegl, Melina"]
[Black "Muetsch, Annmarie"]
[Result "0-1"]
[ECO "B40"]
[WhiteElo "2018"]
[BlackElo "2250"]
[Annotator "NA"]
[PlyCount "31"]
[EventDate "2019.09.21"]
[EventType "swiss"]
[EventCountry "GER"]
[SourceTitle "playchess.com"]
[Source "ChessBase"]
[SourceQuality "1"]
[TimeControl "900+10"]

1. e4 c5 2. Nf3 e6 3. d3 Nc6 4. g3 Nf6 5. Nbd2 d6 6. Bg2 g6 7. O-O Bg7 8. c3 O-O 9. Qe2 e5 10. h3 Rb8 11. Nh4 b5 $15 12. Kh2 b4 13. Nc4 bxc3 14. bxc3 Na5 15. Ne3 Ba6 16. Nc2 0-1

[Event "27th GER-ch Rapid Women 2019"]
[Site "Neumarkt in der Oberpfalz"]
[Date "2019.09.22"]
[Round "8.2"]
[White "Roessler, Ulrike"]
[Black "Anita Bharathi A S E"]
[Result "1-0"]
[ECO "C14"]
[WhiteElo "2102"]
[BlackElo "1263"]
[Annotator "NA"]
[PlyCount "21"]
[EventDate "2019.09.21"]
[EventType "swiss"]
[EventCountry "GER"]
[SourceTitle "playchess.com"]
[Source "ChessBase"]
[SourceQuality "1"]
[TimeControl "900+10"]

1. e4 e6 2. d4 d5 3. Nc3 Nf6 4. Bg5 Be7 5. e5 Nfd7 6. Bxe7 Qxe7 7. f4 O-O 8. Nf3 c5 9. Qd2 Nc6 10. O-O-O f6 11. dxc5 1-0

[Event "27th GER-ch Rapid Women 2019"]
[Site "Neumarkt in der Oberpfalz"]
[Date "2019.09.22"]
[Round "8.3"]
[White "Noll, Sonja"]
[Black "Schilay, Eva"]
[Result "1-0"]
[ECO "B07"]
[WhiteElo "1783"]
[BlackElo "1648"]
[Annotator "NA RC"]
[PlyCount "31"]
[EventDate "2019.09.21"]
[EventType "swiss"]
[EventCountry "GER"]
[SourceTitle "playchess.com"]
[Source "ChessBase"]
[SourceQuality "1"]
[TimeControl "900+10"]

1. e4 d6 2. d4 Nf6 3. Nc3 e5 4. dxe5 dxe5 5. Qxd8+ Kxd8 6. Nf3 Bd6 7. Bg5 Be6 8. O-O-O Nbd7 9. h3 a6 10. a3 Ke7 11. Be2 b5 12. Nd5+ Bxd5 13. Rxd5 h6 14. Bxf6+ gxf6 15. Nh4 c6 16. Nf5+ 1-0

[Event "27th GER-ch Rapid Women 2019"]
[Site "Neumarkt in der Oberpfalz"]
[Date "2019.09.22"]
[Round "9.1"]
[White "Muetsch, Annmarie"]
[Black "Schulze, Lara"]
[Result "1/2-1/2"]
[ECO "C07"]
[WhiteElo "2250"]
[BlackElo "2345"]
[Annotator "NA"]
[PlyCount "31"]
[EventDate "2019.09.21"]
[EventType "swiss"]
[EventCountry "GER"]
[SourceTitle "playchess.com"]
[Source "ChessBase"]
[SourceQuality "1"]
[TimeControl "900+10"]

1. e4 e6 2. d4 d5 3. Nd2 c5 4. exd5 Qxd5 5. Ngf3 cxd4 6. Bc4 Qd7 7. O-O Nc6 8. Nb3 a6 9. Nbxd4 Nxd4 10. Nxd4 Qc7 11. Bb3 Bd6 12. h3 Ne7 13. c3 O-O 14. Qe2 Bd7 15. Bd2 Rac8 16. Rfe1 1/2-1/2

[Event "27th GER-ch Rapid Women 2019"]
[Site "Neumarkt in der Oberpfalz"]
[Date "2019.09.22"]
[Round "9.2"]
[White "Rath, Alina"]
[Black "Schmidt, Jessica"]
[Result "1/2-1/2"]
[ECO "D15"]
[WhiteElo "2042"]
[BlackElo "2239"]
[Annotator "NA"]
[PlyCount "35"]
[EventDate "2019.09.21"]
[EventType "swiss"]
[EventCountry "GER"]
[SourceTitle "playchess.com"]
[Source "ChessBase"]
[SourceQuality "1"]
[TimeControl "900+10"]

1. c4 c6 2. Nc3 d5 3. d4 Nf6 4. e3 a6 5. Nf3 g6 6. b3 Bg7 7. Bd3 b5 8. Qc2 O-O 9. O-O Nbd7 10. Bb2 bxc4 11. bxc4 dxc4 12. Bxc4 c5 13. dxc5 Nxc5 14. Rfd1 Qa5 15. Nd5 Nxd5 16. Bxd5 Rb8 17. Bxg7 Kxg7 18. Rac1 1/2-1/2

[Event "27th GER-ch Rapid Women 2019"]
[Site "Neumarkt in der Oberpfalz"]
[Date "2019.09.22"]
[Round "9.3"]
[White "Adelhardt, Lisa"]
[Black "Schilay, Eva"]
[Result "0-1"]
[ECO "C41"]
[WhiteElo "1418"]
[BlackElo "1648"]
[Annotator "NA"]
[PlyCount "68"]
[EventDate "2019.09.21"]
[EventType "swiss"]
[EventCountry "GER"]
[SourceTitle "playchess.com"]
[Source "ChessBase"]
[SourceQuality "1"]
[TimeControl "900+10"]

1. e4 d6 2. d4 Nf6 3. Nc3 e5 4. Nf3 Nbd7 5. Bc4 Be7 6. O-O c6 7. a4 a5 8. Be3 O-O 9. h3 Qc7 10. dxe5 dxe5 11. Qe2 b6 12. Rad1 Bb7 13. Bg5 h6 14. Bh4 Rfe8 15. Qe3 Bc5 16. Qe2 Rad8 17. Bxf6 Nxf6 18. Rxd8 Rxd8 19. Rd1 Bd4 20. Nxd4 exd4 21. Nb1 c5 22. Nd2 Re8 23. Bd3 Qe5 24. Re1 Bc6 25. Bb5 Qc7 26. Bxc6 Qxc6 27. b3 Nd5 28. Qd3 Nc3 29. f3 Re6 30. Nb1 Nd5 31. Rc1 Nf4 32. Qd2 Qc7 33. Qf2 Rg6 34. Nd2 Nxh3+ 0-1